AoeStats
← 恆浪蕩

Arena

506421620Analyzed
4v4 RM · 18d ago on Sep 13, 2026· 39m 42s· 8 players
Game mode
Random Map
Map size
Large (8 player)
Population
200
Speed
Normal
Resources
Standard
Victory
Conquest
Starting age
Dark Age
Ending age
Imperial Age
RankedLock teamsTeams togetherTeam positionsShared explorationLock speedFull tech treeHidden civsTurbo modeCheats
Victory
Defeat
🇧🇪 Romans · Belgium
1748
+10
🇨🇳 Franks · China
1695
+12
🇨🇳 Dravidians · China
1542
+18
🇨🇳 Sicilians · China
1519
+19
🇦🇷 Bohemians · Argentina
1633
-16
🇹🇼 Koreans · Taiwan
1599
-15
🇭🇷 Tupi · Croatia
1598
-15
🇷🇺 Khitans · Russia
1544
-13
Jimmy
10:01 Feudal Age
11:29 Loom
14:23 Castle Age
24:19 Fletching
24:56 Bodkin Arrow
29:57 Double-Bit Axe
30:23 Horse Collar
35:36 Bow Saw
35:27 Heavy Plow
默默默默默
10:47 Feudal Age
14:28 Castle Age
12:48 Double-Bit Axe
12:53 Horse Collar
15:36 Bow Saw
17:55 Fervor
22:14 Wheelbarrow
24:59 Hand Cart
24:30 Loom
28:02 Imperial Age
25:01 Pikeman
25:43 Scale Mail Armor
26:48 Chemistry
25:28 Treadmill Crane
26:53 Chemistry
27:17 Chain Mail Armor
27:15 Forging
27:18 Masonry
28:19 Wagenburg Tactics
31:57 Iron Casting
31:53 Plate Mail Armor
32:16 Iron Casting
32:37 Fortified Wall
32:24 Murder Holes
32:49 Fletching
33:01 Padded Archer Armor
35:17 Leather Archer Armor
Riveryyy
11:02 Feudal Age
14:42 Castle Age
13:05 Double-Bit Axe
13:04 Domestication
17:30 Bow Saw
17:34 Pastoralism
23:28 Loom
26:31 Scale Mail Armor
29:08 Imperial Age
27:33 Wheelbarrow
27:03 Squires
27:17 Stone Mining
27:21 Gold Mining
28:16 Chain Mail Armor
28:11 Forging
29:15 Stone Shaft Mining
29:32 Hand Cart
29:04 Town Watch
29:49 Lamellar Armor
30:11 Conscription
30:33 Transhumance
30:56 Plate Mail Armor
31:33 Iron Casting
31:29 Elite Liao Dao
33:13 Fletching
33:24 Padded Archer Armor
33:20 Elite Skirmisher
34:17 Crossbowman
35:02 Thumb Ring
35:17 Leather Archer Armor
34:58 Bodkin Arrow
36:33 Ring Archer Armor
37:22 Chemistry
36:45 Ballistics
恆浪蕩
5:40 Loom
5:43 Loom
8:32 Feudal Age
21:40 Castle Age
20:01 Double-Bit Axe
19:58 Horse Collar
23:31 Bow Saw
24:03 Gold Mining
28:10 Wheelbarrow
32:20 Imperial Age
31:05 Eupseong
32:28 Fletching
34:06 Chemistry
34:35 Fortified Wall
35:16 Bodkin Arrow
36:06 Bracer
36:27 Ballistics
38:00 Treadmill Crane
JINX
11:12 Feudal Age
14:56 Castle Age
13:19 Double-Bit Axe
13:30 Loom
13:51 Horse Collar
15:51 Bow Saw
18:05 Loom
20:47 Wheelbarrow
20:45 Town Watch
21:19 Gold Mining
23:16 Husbandry
24:25 Hand Cart
26:12 Heavy Plow
26:24 Forging
27:11 Bloodlines
27:01 Man-at-Arms
27:41 Squires
27:42 Scale Mail Armor
28:17 Iron Casting
30:15 Imperial Age
28:24 Gold Shaft Mining
28:14 Long Swordsman
29:26 Chain Mail Armor
30:26 Legionary
32:07 Blast Furnace
31:28 Conscription
33:31 Crop Rotation
32:26 Pikeman
33:12 Scale Barding Armor
32:28 Cavalier
32:32 Capped Ram
33:40 Comitatenses
33:42 Siege Engineers
34:49 Chain Barding Armor
33:50 Light Cavalry
34:50 Masonry
37:38 Plate Barding Armor
39:02 Siege Ram
41:10 Chemistry
40:30 Ballistics
40:41 Architecture
向阳花
6:07 Loom
9:07 Feudal Age
14:14 Double-Bit Axe
17:44 Horse Collar
20:20 Wheelbarrow
20:12 Fletching
24:44 Gold Mining
27:46 Castle Age
28:09 Scale Barding Armor
28:15 Forging
28:29 Bloodlines
34:08 Imperial Age
33:30 Chain Barding Armor
34:44 Hand Cart
35:55 Bow Saw
37:52 Cavalier
40:10 Plate Barding Armor
39:40 Husbandry
40:17 Hauberk
40:33 Conscription
Marlin
10:51 Feudal Age
11:04 Loom
12:34 Fletching
19:33 Castle Age
18:03 Gold Mining
18:23 Double-Bit Axe
26:19 Imperial Age
24:32 Bow Saw
27:30 Conscription
27:48 Bodkin Arrow
28:39 Scale Mail Armor
29:16 Forging
32:44 Iron Casting
34:20 #83
35:32 Wheelbarrow
38:01 Chemistry
38:23 Conscription
38:35 Hand Cart
knife
10:04 Feudal Age
13:52 Castle Age
12:44 Horse Collar
12:50 Double-Bit Axe
15:17 Bow Saw
20:57 Loom
24:09 Wheelbarrow
24:11 Heavy Plow
26:54 Hand Cart
26:30 Gold Mining
30:07 Imperial Age
28:00 Fletching
28:07 Stone Mining
28:20 Padded Archer Armor
28:58 Bodkin Arrow
29:56 Leather Archer Armor
30:09 Ballistics
30:57 Thumb Ring
30:54 Husbandry
31:22 Bracer
31:52 Ring Archer Armor
32:25 Chemistry
32:48 Medical Corps
33:08 Conscription
32:36 Elite Elephant Archer
36:41 Ring Archer Armor
36:27 Masonry
36:16 Stone Mining
37:35 Siege Elephant
39:45 Medical Corps
40:03 Conscription
Connection lost

Rejoining the realm…

Still unreachable

The connection could not be restored.

Session expired

The server has moved on; the page needs a fresh start.